 Dungeon Crawl Stone Soup version 0.29-a0-284-gf9362112df (webtiles) character file.

Game seed: 764085048088239772

16276 Warped the Severer (level 12, -10/103 HPs)
             Began as a Minotaur Gladiator on Mar 22, 2022.
             Was a High Priest of Makhleb.
             Mangled by an orc warlord
             ... wielding a +2 great sword
              (17 damage)
             ... on level 2 of the Orcish Mines.
             The game lasted 00:35:36 (10570 turns).

Warped the Severer (Minotaur Gladiator)            Turns: 10570, Time: 00:35:37

Health: -10/103    AC: 19    Str: 24    XL:     12   Next: 8%
Magic:  0/23       EV: 14    Int:  9    God:    Makhleb [*****.]
Gold:   928        SH:  0    Dex: 12    Spells: 11/11 levels left

rFire   + . .      SeeInvis .   a - +2 war axe (elec)
rCold   . . .      Faith    .   (no shield)
rNeg    . . .      Spirit   +   L - +2 plate armour {Will+}
rPois   .          Reflect  .   c - +1 hat
rElec   .          Harm     .   v - +1 cloak of Resonance {rF+ Regen+ MP+9 Int+4}
rCorr   +          Rampage  .   (no gloves)
Will    +....                   (no boots)
Stlth   ..........              t - amulet of guardian spirit
HPRegen 1.07/turn               i - +4 ring of evasion
MPRegen 0.18/turn               J - ring of resist corrosion

@: marked
A: horns 2, retaliatory headbutt
a: Renounce Religion, Minor Destruction, Lesser Servant of Makhleb, Major
Destruction, Greater Servant of Makhleb


You were on level 2 of the Orcish Mines.
You worshipped Makhleb.
Makhleb was extremely pleased with you.
You visited 3 branches of the dungeon, and saw 13 of its levels.

You collected 1250 gold pieces.
You spent 322 gold pieces at shops.

Inventory:

Hand Weapons
 a - a +2 war axe of electrocution (weapon)
 b - a +0 executioner's axe of chaos
 g - a +3 whip of holy wrath
 m - a +0 hunting sling
 w - a +2 spear of flaming
 C - a +0 hand crossbow
 G - a +7 halberd
Missiles
 d - 4 throwing nets (quivered)
 e - a javelin
 k - 334 stones
 r - 18 poisoned darts
Armour
 c - a +1 hat (worn)
 v - the +1 cloak of Resonance (worn) {rF+ Regen+ MP+9 Int+4}
   (You found it on level 2 of the Dungeon)

   Int:       It affects your intelligence (+4).
   rF:        It protects you from fire.
   MP:        It affects your magic capacity (+9).
   Regen:     It increases your rate of health regeneration.
 A - an orb of mayhem
 H - a +0 kite shield
 L - a +2 plate armour of willpower (worn)
Jewellery
 i - a +4 ring of evasion (left hand)
 l - a ring of positive energy
 o - the ring "Guyd" {rF+ rCorr Slay+3}
   (You found it on level 9 of the Dungeon)

   [ring of resist corrosion]

   Slay:      It affects your accuracy & damage with ranged weapons and melee
   (+3).
   rF:        It protects you from fire.
   rCorr:     It protects you from acid and corrosion.
 t - an amulet of guardian spirit (around neck)
 J - a ring of resist corrosion (right hand)
Wands
 q - a wand of polymorph (5)
 y - a wand of acid (13)
 B - a wand of flame (10)
 E - a wand of digging (13)
 F - a wand of paralysis (8)
Scrolls
 p - 4 scrolls of immolation
 u - a scroll of identify
 I - a scroll of amnesia
Potions
 f - 2 potions of magic
 h - 2 potions of might
 z - a potion of mutation


   Skills:
 + Level 8.6 Fighting
 + Level 16.7 Axes
 - Level 2.0 Throwing
 * Level 9.4 Armour
 + Level 8.3 Dodging
 - Level 5.1 Invocations
 - Level 3.3 Evocations


You had 11 spell levels left.
You didn't know any spells.
Your spell library contained the following spells:

 Spells                   Type           Power      Damage    Failure   Level
 Magic Dart               Conj           0%         1d3       99%         1
 Sandblast                Erth           0%         2d4       99%         1
 Corpse Rot               Necr/Air       0%         N/A       100%        2
 Passwall                 Tmut/Erth      0%         N/A       100%        2
 Searing Ray              Conj           0%         2d4       100%        2
 Static Discharge         Conj/Air       0%         N/A       100%        2
 Sublimation of Blood     Necr           0%         N/A       100%        2
 Ozocubu's Armour         Ice            0%         N/A       100%        3
 Stone Arrow              Conj/Erth      0%         3d7       100%        3
 Dispel Undead            Necr           0%         3d6       100%        4
 Fulminant Prism          Conj/Hex       0%         3d6       100%        4
 Petrify                  Tmut/Erth      0%         N/A       100%        4
 Irradiate                Conj/Tmut      0%         3d14      100%        5
 Lightning Bolt           Conj/Air       0%         1d11      100%        5
 Metabolic Englaciation   Hex/Ice        0%         N/A       100%        5
 Death Channel            Necr           0%         N/A       100%        6
 Simulacrum               Ice/Necr       0%         N/A       100%        6
 Maxwell's Capacitive Co  Air            0%         ∞         100%        8


Dungeon Overview and Level Annotations

Branches:
Dungeon (10/15)            Temple (1/1) D:4             Orc (2/2) D:10
    Elf (0/3) Orc:2
   Lair: D:8-11

Altars:
Ashenzari
Cheibriados
Dithmenos
Elyvilon
Fedhas
Gozag
Hepliaklqana
Kikubaaqudgha
Makhleb
Nemelex Xobeh
Okawaru
Qazlal
Ru
Sif Muna
Trog
Uskayaw
Vehumet
Wu Jian
Xom
Yredelemnul
Zin
The Shining One

Shops:
Orc:1 !   Orc:2 :

Annotations:
Orc:2 Rupert


Innate Abilities, Weirdness & Mutations

You have a pair of horns on your head.
You reflexively headbutt those who attack you in melee.


Message History

You closely miss the orc high priest. You headbutt the orc high priest!
The orc high priest is moderately wounded.
You closely miss the ice devil.
The orc high priest hits you but does no damage.
The orc priest looks braver for a moment.
Unknown command.
You hit the orc high priest. Your punch misses the orc high priest.
The orc high priest is moderately wounded.
You closely miss the ice devil.
The ice devil hits you but does no damage.
Unknown command.
You hit the orc high priest but do no damage.
You headbutt the orc high priest!
The orc high priest is heavily wounded.
You hit the ice devil. You barely miss the sun demon.
The orc wizard points at you and mumbles some strange words.
The magic dart hits you.
The orc high priest hits you but does no damage.
The orc warrior misses you.
The orc warlord roars a battlecry!
The orc warrior goes into a battle-frenzy!
The orc warrior hits you from afar with a +0 trident.
An orc priest comes into view. It is wielding a +0 club.
An orc high priest comes into view. It is wielding a +0 halberd.
Rupert the Wild comes into view.
He is wielding a +1 vorpal great mace and wearing a +2 scale mail of poison resistance.
You feel yourself slow down.
The orc wizard no longer looks unusually strong.
The sun demon disappears in a puff of smoke!
The orc priest begins to cast a cantrip, but forgets the words!
The orc high priest mumbles some strange prayers to Beogh against you.
Beogh smites you!
* * * LOW HITPOINT WARNING * * *
The orc priest miscasts a cantrip.
The ice devil attacks as you move away! The ice devil hits you!
* * * LOW HITPOINT WARNING * * *
The ice devil freezes you!!
* * * LOW HITPOINT WARNING * * *
The orc warlord attacks as you move away!
The orc warlord hits you with a +2 great sword!!
You die...

#.........##........#.).#
#......)..#.#....#.##)))#
#................#.###)###
#.....#.#...........##.[.##
#.......#..........##.....#
#..o.....#..........#....##
#))o)..................#.##
#))))..........o..........#
#)...4.#>o....@.o........##
###)).).........4.....#..###
..#).............o....####
..#........o....o4...##
......o..............#
.ooo...........o4....##
4.........ooooo)..o...#
..o.oo...o.....oo4oo..##
oo.o4....@......)..{...#


You could see an orc warlord, 3 orc high priests, an orange demon (summoned), an
ice devil (summoned), a rust devil (summoned), a chaos spawn (summoned), an orc
sorcerer, 4 orc warriors, 4 orc priests, 2 orc wizards and 3 orcs.

Vanquished Creatures
  An orc warlord (Orc:1)
  Harold (D:10)
  A boulder beetle (D:8)
  2 two-headed ogres
  An orc high priest (Orc:1)
  Nergalle (Orc:1)
  3 orc knights (Orc:2)
  A cyclops (Orc:2)
  3 orc sorcerers (Orc:2)
  6 trolls
  2 hornets (D:10)
  A vampire (D:9)
  A wyvern (D:9)
  Menkaure (D:5)
  A steam dragon (D:6)
  4 vampire mosquitoes (D:10)
  6 wargs
  2 water moccasins (D:8)
  14 orc warriors
  A sky beast (D:6)
  3 ice beasts
  5 ogres
  3 centaurs
  3 kobold brigands
  5 bullfrogs
  2 gnoll sergeants (D:8)
  3 scorpions
  6 wights
  Dowan (D:6)
  6 killer bees (D:9)
  2 howler monkeys (D:8)
  A hound (D:7)
  3 gnoll shamans
  A jelly (D:5)
  21 orc priests
  Ijyb (D:2)
  12 orc wizards
  19 gnolls
  6 adders
  A shadow imp (D:7)
  2 white imps
  A worm (D:2)
  3 dart slugs
  61 orcs
  5 bats
  3 endoplasms
  3 giant cockroaches
  5 goblins
  6 hobgoblins
  7 jackals (D:1)
  18 kobolds
  3 quokkas
  5 ball pythons
  6 frilled lizards
  5 rats
290 creatures vanquished.

Vanquished Creatures (collateral kills)
  Duvessa (D:6)
  An orc warrior (Orc:2)
2 creatures vanquished.

Vanquished Creatures (others)
  22 plants
22 creatures vanquished.

Grand Total: 314 creatures vanquished

Notes
Turn   | Place    | Note
-------+----------+-------------------------------------------
     0 | D:1      | Warped the Minotaur Gladiator began the quest for the Orb.
     0 | D:1      | Reached XP level 1. HP: 18/18 MP: 0/0
   130 | D:1      | Reached skill level 4 in Axes
   267 | D:1      | Reached XP level 2. HP: 21/25 MP: 1/1
   754 | D:1      | Reached skill level 5 in Axes
  1167 | D:1      | Reached XP level 3. HP: 27/30 MP: 2/2
  2000 | D:2      | Identified the +1 cloak of Resonance {rF+ Regen+ MP+9
                  | Int+4}
  2155 | D:2      | Reached XP level 4. HP: 37/37 MP: 3/3
  2429 | D:2      | Reached skill level 6 in Axes
  2497 | D:3      | Noticed Ijyb
  2617 | D:2      | Killed Ijyb
  2618 | D:2      | Reached XP level 5. HP: 42/42 MP: 4/4
  2743 | D:3      | Reached skill level 7 in Axes
  2763 | D:3      | Found a blossoming altar of Fedhas.
  2765 | D:3      | Found a hazy altar of Hepliaklqana.
  2765 | D:3      | Found a glowing silver altar of Zin.
  2765 | D:3      | Found a burning altar of Makhleb.
  2785 | D:3      | Became a worshipper of Makhleb the Destroyer
  2820 | D:3      | Found a broken altar of Ashenzari.
  2904 | D:3      | Found a faded altar of an unknown god.
  3332 | D:4      | Reached skill level 8 in Axes
  3593 | D:4      | Noticed an ogre
  3598 | D:4      | Killed an ogre
  3599 | D:4      | Reached XP level 6. HP: 50/50 MP: 5/5
  3623 | D:4      | Found a staircase to the Ecumenical Temple.
  3634 | Temple   | Entered the Ecumenical Temple
  4149 | D:5      | Entered Level 5 of the Dungeon
  4181 | D:5      | Noticed Menkaure
  4188 | D:5      | Killed Menkaure
  4189 | D:5      | Reached skill level 9 in Axes
  4268 | D:5      | Noticed an orc warrior
  4281 | D:5      | an orc warrior changed into a centaur
  4286 | D:5      | Reached XP level 7. HP: 56/56 MP: 6/6
  4286 | D:5      | Reached * piety under Makhleb
  4327 | D:5      | Reached skill level 10 in Axes
  4534 | D:5      | Identified the +1 ring mail of Syndicalism {rPois Str+4}
  4637 | D:5      | Reached skill level 11 in Axes
  4698 | D:6      | Noticed Duvessa
  4699 | D:6      | Noticed Dowan
  4710 | D:6      | Killed Duvessa
  4711 | D:6      | Reached XP level 8. HP: 62/62 MP: 7/7
  4716 | D:6      | Reached skill level 12 in Axes
  4725 | D:6      | Killed Dowan
  4835 | D:6      | Found a radiant altar of Vehumet.
  4845 | D:6      | Reached skill level 13 in Axes
  4948 | D:6      | Found a bloodstained altar of Trog.
  5071 | D:6      | Found a stormy altar of Qazlal.
  5414 | D:7      | Reached skill level 1 in Armour
  5421 | D:7      | Reached skill level 1 in Invocations
  5520 | D:7      | Identified the +2 ring mail of the Unbroken {-Tele Harm
                  | rCorr}
  5524 | D:7      | Reached ** piety under Makhleb
  5785 | D:7      | Found an iron altar of Okawaru.
  5865 | D:7      | Reached XP level 9. HP: 70/70 MP: 9/9
  6038 | D:8      | Noticed a two-headed ogre
  6044 | D:8      | Killed a two-headed ogre
  6045 | D:8      | Reached skill level 14 in Axes
  6118 | D:8      | Reached skill level 5 in Dodging
  6194 | D:8      | Reached skill level 5 in Fighting
  6404 | D:8      | Found a white marble altar of Elyvilon.
  6469 | D:8      | Found a basalt altar of Yredelemnul.
  6509 | D:8      | Noticed a boulder beetle
  6541 | D:8      | Killed a boulder beetle
  6542 | D:8      | Reached XP level 10. HP: 65/81 MP: 11/11
  6806 | D:9      | Reached *** piety under Makhleb
  7023 | D:9      | Reached skill level 5 in Armour
  7035 | D:9      | Reached skill level 15 in Axes
  7175 | D:9      | Identified the +2 pair of gloves "Hoxihod" {Str+6 Slay-5}
  7234 | D:9      | Found a sparkling altar of Nemelex Xobeh.
  7489 | D:9      | Identified the ring "Guyd" {rF+ rCorr Slay+3}
  7649 | D:9      | Found a snail-covered altar of Cheibriados.
  7926 | D:10     | Entered Level 10 of the Dungeon
  8033 | D:10     | Found a staircase to the Orcish Mines.
  8209 | D:10     | Noticed Harold
  8220 | D:10     | Killed Harold
  8323 | D:10     | Reached skill level 5 in Invocations
  9164 | Orc:1    | Entered Level 1 of the Orcish Mines
  9386 | Orc:2    | Entered Level 2 of the Orcish Mines
  9389 | Orc:2    | Noticed an orc warlord
  9401 | Orc:1    | Reached XP level 11. HP: 90/91 MP: 13/13
  9438 | Orc:1    | Killed an orc warlord
  9439 | Orc:1    | Reached skill level 1 in Evocations
  9452 | Orc:2    | Reached skill level 16 in Axes
  9467 | Orc:1    | Found Voeggid's Distillery.
  9520 | Orc:1    | Noticed Nergalle
  9527 | Orc:1    | Killed Nergalle
  9547 | Orc:1    | Bought a potion of might for 56 gold pieces
  9547 | Orc:1    | Bought a potion of heal wounds for 70 gold pieces
  9547 | Orc:1    | Bought a potion of might for 56 gold pieces
  9547 | Orc:1    | Bought a potion of haste for 140 gold pieces
  9743 | Orc:2    | Reached **** piety under Makhleb
  9895 | Orc:2    | Noticed an orc knight
  9919 | Orc:2    | Killed an orc knight
  9919 | Orc:2    | Noticed a two-headed ogre
  9984 | Orc:2    | Killed a two-headed ogre
 10002 | Orc:2    | Noticed an orc sorcerer
 10005 | Orc:2    | Noticed an orc high priest
 10053 | Orc:2    | Killed an orc sorcerer
 10061 | Orc:2    | Noticed a sun demon
 10072 | Orc:1    | Killed an orc high priest
 10209 | Orc:2    | Reached ***** piety under Makhleb
 10211 | Orc:2    | Noticed an orc knight
 10222 | Orc:2    | Killed an orc knight
 10289 | Orc:2    | Found a staircase to the Elven Halls.
 10290 | Orc:2    | Noticed an orc sorcerer
 10303 | Orc:2    | Killed an orc sorcerer
 10330 | Orc:2    | Found Fiucwuso's Book Shoppe.
 10467 | Orc:2    | Noticed an orc knight
 10467 | Orc:2    | Noticed an orc sorcerer
 10474 | Orc:2    | Killed an orc sorcerer
 10475 | Orc:2    | Reached XP level 12. HP: 103/103 MP: 14/14
 10478 | Orc:2    | Noticed an orc warlord
 10489 | Orc:2    | Noticed an orc high priest
 10493 | Orc:2    | Noticed an orc high priest
 10567 | Orc:2    | Noticed an orc high priest
 10568 | Orc:2    | Noticed Rupert
 10570 | Orc:2    | Mangled by an orc warlord

Illustrated notes

Levels and vault maps discovered:
D:1:      dreamdust_arrival_beginning_and_end, layout_basic
D:2:      layout_basic, serial_bayou_lake_a
D:3:      layout_basic, mainiacjoe_overflow_24_doors,
          grunt_temple_overflow_open,
          dreamdust_ecumenical_altar_angels_and_demons, serial_bayou_pond_c,
          dk_noncrumbling_3, uniq_ijyb
D:4:      layout_loops_corners, temple_pool_b,
          nicolae_concentric_dashed_squares_mild
D:5:      layout_cave_pools, uniq_menkaure
D:6:      layout_cave_pools, mainiacjoe_overflow_alcove_1,
          mainiacjoe_overflow_large_starburst, uniq_duvessa
D:7:      layout_layer_cave, kennysheep_mini
D:8:      layout_loops_cross, kennysheep_ying_yang, nicolae_grassy_gnolls
D:9:      layout_loops_corners, nicolae_overflow_hidden_temple,
          nemelex_xobeh_ov_fountains_minmay, minivault_22
D:10:     layout_stronghold, orc_0_dummy, uniq_harold
Temple:   jpeg_temple_island
Orc:1:    layout_caves, serial_shops,
          nicolae_shop_temple_entry_statues_fountains, uniq_nergalle
Orc:2:    st_orc_congregation, layout_diamond_mine, serial_shops,
          nicolae_square_shop, minmay_orc_barracks, uniq_rupert

Skill      XL: |  1  2  3  4  5  6  7  8  9 10 11 |
---------------+----------------------------------+-----
Axes           | 4 5 6 8 9 11 13 14 15 16 | 16.7
Armour         | 1 4 6 9 |  9.4
Invocations    | 1 3 5 |  5.1
Fighting       | 3 5 6 8 |  8.6
Dodging        | 5 6 8 |  8.3
Evocations     | 3 |  3.3
Throwing       | |  2.0

Action                   |  1- 3 |  4- 6 |  7- 9 | 10-12 || total
-------------------------+-------+-------+-------+-------++-------
Melee: War axe           |    79 |    97 |   181 |   319 ||   676
       Headbutt          |     9 |    12 |    31 |    74 ||   126
       Unarmed           |       |    25 |       |       ||    25
       Punch             |       |       |     2 |     2 ||     4
Throw: Throwing net      |       |     1 |     3 |     4 ||     8
Invok: Lesser Servant of |       |       |       |     1 ||     1
Evoke: Wand              |       |     2 |       |    10 ||    12
  Use: Scroll            |       |    15 |     4 |     4 ||    23
       Potion            |       |       |     1 |    11 ||    12
 Stab: Held in net/web   |       |     1 |     3 |     2 ||     6
Armor: Leather armour    |    13 |       |       |       ||    13
       Scale mail        |     5 |    47 |    34 |       ||    86
       Chain mail        |     5 |       |       |       ||     5
       Skin              |       |     5 |       |       ||     5
       Plate armour      |       |       |    25 |   164 ||   189
Dodge: Dodged            |    52 |    56 |    93 |   197 ||   398

Table legend: (Time is in decaauts)
 A = Elapsed time spent in this place.
 B = Non-inter-level travel time spent in this place.
 C = Inter-level travel time spent in this place.
 D = Time resting spent in this place.
 E = Time spent auto-exploring this place.
 F = Levels seen in this place.
 G = Mean time per level.
                   A        B        C        D        E       F      G
               +--------+--------+--------+--------+--------+-----+--------+
         Total |  10513 |   9774 |    739 |    532 |   7192 |  13 |  808.7 |
       Dungeon |   9102 |   8435 |    667 |    314 |   6622 |  10 |  910.2 |
        Temple |     74 |     61 |     13 |      0 |     50 |   1 |   74.0 |
  Orcish Mines |   1336 |   1277 |     59 |    218 |    520 |   2 |  668.0 |
               +--------+--------+--------+--------+--------+-----+--------+

Top non-repeatable levels by time:
     D:1: 1380 daAuts
     D:2: 1266 daAuts
     D:9: 1209 daAuts
    D:10: 1134 daAuts
     D:4: 842 daAuts
     D:8: 789 daAuts
   Orc:2: 709 daAuts
     D:6: 697 daAuts
     D:3: 655 daAuts
   Orc:1: 626 daAuts
     D:7: 578 daAuts
     D:5: 548 daAuts
  Temple: 74 daAuts
